 Dungeon Crawl Stone Soup version 0.19.5 (webtiles) character file.

178 Rheo the Chopper (level 5, -4/42 HPs)
             Began as a Human Berserker on May 11, 2017.
             Was a Believer of Trog.
             Killed by divine providence
             ... invoked by an orc priest
              (11 damage)
             ... on level 4 of the Dungeon.
             The game lasted 00:48:06 (2816 turns).

Rheo the Chopper (Human Berserker)                  Turns: 2816, Time: 00:48:07

Health: -4/42      AC: 10    Str: 19    XL:     5   Next: 89%
Magic:  5/5        EV:  8    Int:  7    God:    Trog [**....]
Gold:   197        SH:  0    Dex: 12    Spells: 0 memorised, 4 levels left

rFire  . . .     SeeInvis .     U - +0 flail
rCold  . . .     Gourm    .     v - +0 chain mail
rNeg   . . .     Faith    .     (no shield)
rPois  .         Spirit   .     (no helmet)
rElec  .         Reflect  .     (no cloak)
rCorr  .         Harm     .     (no gloves)
MR     .....                    D - +0 pair of boots
Stlth  ..........               (no amulet)
                                (no ring)
                                q - ring of wizardry

@: exhausted
A: no striking features
a: Berserk, Trog's Hand, Burn Spellbooks, Renounce Religion


You were on level 4 of the Dungeon.
You worshipped Trog.
Trog was pleased with you.
You were not hungry.

You visited 1 branch of the dungeon, and saw 4 of its levels.

You collected 197 gold pieces.

Inventory:

Hand Weapons
 a - a +0 whip
 e - a +0 dagger
 g - a +0 dagger
 h - a +0 trident
 r - a +0 club
 s - a +0 dagger
 I - a +0 mace
 U - a +0 flail (weapon)
Missiles
 i - 69 stones
 j - 4 large rocks
 l - 36 bolts
 p - 19 arrows
 G - 3 tomahawks (quivered)
 V - 27 sling bullets
Armour
 b - a +0 animal skin
 d - a +0 leather armour
 m - a +0 leather armour
 n - a +0 robe
 t - a +0 leather armour
 v - a +0 chain mail (worn)
 w - a +0 chain mail
 A - a +0 leather armour
 B - a +0 cloak
 D - a +0 pair of boots (worn)
 Z - a +0 chain mail
Jewellery
 q - a ring of wizardry (left hand)
 Q - an uncursed ring of protection from cold {unknown}
Scrolls
 y - a scroll of teleportation
 z - 2 scrolls of remove curse
 H - 2 scrolls of immolation
 N - a scroll of identify
 X - a scroll of magic mapping
Potions
 o - a potion of heal wounds
 u - a potion of flight {unknown}
 K - a potion of berserk rage {unknown}
 W - a potion of ambrosia {unknown}
Comestibles
 c - 3 bread rations
 f - 8 chunks of flesh
 k - 4 meat rations
 P - a slice of pizza


   Skills:
 + Level 3.7 Fighting
   Level 4.0(4.2) Axes
 + Level 1.4(2.9) Maces & Flails
 + Level 0.8 Throwing
 + Level 3.2 Armour
 + Level 2.6 Dodging
 + Level 0.4 Stealth


You had 4 spell levels left.
You didn't know any spells.

Dungeon Overview and Level Annotations

Branches:
Dungeon (4/15)
 Temple: D:4-7

Altars:
Ashenzari


Message History

The orc hits you but does no damage.
The orc priest mumbles some strange prayers to Beogh against you.
Beogh smites you! Something hits you but does no damage.
You hear some strange, mumbled words.
A magic dart appears from out of thin air!
The magic dart hits you!
* * * LOW HITPOINT WARNING * * *
You open the large door. Something hits you but does no damage.
The ogre barely misses you. The orc hits you but does no damage.
You hear some strange, mumbled words.
A puff of flame appears from out of thin air!
The puff of flame hits you!
* * * LOW HITPOINT WARNING * * *
There is a large open door here.
There is a large open door here.
The orc priest calls down the wrath of Beogh upon you.
Beogh smites you!
You die...

#.S.... #..(o.##
#......##....
#...<........
#......##...
####....##...
#..........###
#####........oS..######
.....$........##@.....#
##....o..oo''......#
............oo##......#
..$..###......##......#
##_#####......##......#
..o..###..######......#
..........# #......#
##(.......# #......#
########## #######


You could see 2 orc priests, an adder and 4 orcs.

Vanquished Creatures
  An orc wizard (D:3)
  6 adders
  A worm (D:2)
  A dart slug (D:2)
  4 leopard geckos
  8 orcs (D:3)
  5 giant cockroaches
  6 goblins
  10 hobgoblins
  2 jackals (D:3)
  14 kobolds
  2 quokkas
  8 bats
  3 frilled lizards
  6 rats
  A plant (D:1)
78 creatures vanquished.

Notes
Turn   | Place    | Note
-------+----------+-------------------------------------------
     0 | D:1      | Rheo the Human Berserker began the quest for the Orb.
     0 | D:1      | Reached XP level 1. HP: 18/18 MP: 1/1
    97 | D:1      | Reached XP level 2. HP: 24/24 MP: 2/2
   485 | D:1      | Reached XP level 3. HP: 17/29 MP: 3/3
   774 | D:1      | You fall through a shaft!
   848 | D:2      | Reached ** piety under Trog
  1152 | D:2      | Reached XP level 4. HP: 35/35 MP: 4/4
  2125 | D:3      | Reached XP level 5. HP: 39/41 MP: 5/5
  2243 | D:3      | Reached skill level 4 in Axes
  2758 | D:4      | Noticed an ogre
  2763 | D:3      | Reached skill level 1 in Maces & Flails
  2806 | D:4      | Found a shattered altar of Ashenzari.
  2816 | D:4      | Killed from afar by an orc priest

Skill      XL: |  1  2  3  4  5 |
---------------+----------------+-----
Axes           | 4 |  4.0
Armour         | 3 |  3.2
Maces & Flails | 1 |  1.4
Fighting       | |  3.7
Throwing       | |  0.8
Dodging        | |  2.6
Stealth        | |  0.4

Action                   |  1- 3 |  4- 6 || total
-------------------------+-------+-------++-------
Melee: Hand axe          |   128 |   112 ||   240
       Flail             |       |    52 ||    52
Throw: Stone             |     1 |     4 ||     5
       Tomahawk          |       |     7 ||     7
Invok: Berserk           |     3 |     1 ||     4
       Trog's Hand       |       |     2 ||     2
  Use: Scroll            |     8 |       ||     8
  Eat: Chunk             |     2 |     6 ||     8
       Fruit             |     2 |       ||     2
       Beef jerky        |       |     1 ||     1
Armor: Animal skin       |     1 |       ||     1
       Leather armour    |     4 |       ||     4
       Chain mail        |    29 |   139 ||   168
Dodge: Dodged            |    76 |   110 ||   186
